 Dungeon Crawl Stone Soup version 0.25-a0-558-g78a2afb0af (webtiles) character file.

Game seed: 17222063870967269506, levelgen mode: deterministic

38 ICC the Magician (level 3, 0/19 HPs)
             Began as a Vine Stalker Fighter on Feb 24, 2020.
             Succumbed to an adder's poison
             ... on level 2 of the Dungeon.
             The game lasted 00:02:15 (622 turns).

ICC the Magician (Vine Stalker Fighter)              Turns: 622, Time: 00:02:16

Health: 0/19       AC:  6    Str: 19    XL:     3   Next: 43%
Magic:  2/8        EV:  9    Int:  8    God:
Gold:   55         SH:  0    Dex: 13    Spells: 8/8 levels left

rFire    . . .     SeeInvis .   e - -1 dagger (curse)
rCold    . . .     Gourm    .   (no shield)
rNeg     . . .     Faith    .   b - +0 scale mail
rPois    .         Spirit   +   (no helmet)
rElec    .         Reflect  .   (no cloak)
rCorr    .         Harm     .   (no gloves)
MR       .....                  (no boots)
Stlth    ..........             (no amulet)
HPRegen  0.06/turn              (no ring)
MPRegen  0.11/turn              (no ring)

@: mighty, lethally poisoned (0 -> -7)
A: fangs 2, magic shield, antimagic bite, no potion heal 3, rot immunity
a: no special abilities


You were on level 2 of the Dungeon.
You were not hungry.

You visited 1 branch of the dungeon, and saw 2 of its levels.

You collected 55 gold pieces.

Inventory:

Hand Weapons
 a - a +1 long sword
 e - a cursed -1 dagger (weapon)
Armour
 b - a +0 scale mail (worn)
Potions
 h - 2 potions of stabbing
 i - a potion of ambrosia
 j - a potion of cancellation
Comestibles
 f - 3 rations


   Skills:
 - Level 2.6 Fighting
 - Level 1.7 Long Blades
 - Level 2.4 Armour
   Level 2.6 Shields
 + Level 3.0 Spellcasting


You had 8 spell levels left.
You didn't know any spells.
Your spell library was empty.

Dungeon Overview and Level Annotations

Branches:
Dungeon (2/15)

Altars:


Innate Abilities, Weirdness & Mutations

You have extremely sharp teeth.
When hurt, damage is shared between your health and your magic reserves.
Your bite disrupts and absorbs the magic of your enemies.
Potions cannot restore your health.
You are immune to rotting.


Message History

It was a potion of curing.
Your system rejects the healing.
You feel better.
The adder barely misses you. x2; The adder bites you.
* * * LOW HITPOINT WARNING * * *
You are poisoned.
The adder poisons you!
You feel very mighty all of a sudden.
You feel sick. The adder bites you.
* * * LOW HITPOINT WARNING * * *
The adder bites you.
* * * LOW HITPOINT WARNING * * *
You are more poisoned.
The adder poisons you!
You puncture the adder!
You kill the adder!
Your Spellcasting skill increases to level 3!
The adder barely misses you. The adder bites you but does no damage.
You barely miss the adder. You bite the adder! You drain its power.
You feel invigorated.
The adder is severely wounded.
You die...

##### #######...#
......#)..#####
#..........
###...##...
########<........
#.)....>(...#####
.............##
.......@........
......S†......##
..............%.
..............##
.........<....#
..............#
.............##
#.....%.....##


You could see an adder.

Vanquished Creatures
  A gnoll (D:1)
  An adder (D:2)
  A ball python (D:1)
  4 bats (D:1)
  A giant cockroach (D:1)
  2 goblins
  3 hobgoblins
  3 jackals (D:1)
  A rat (D:1)
17 creatures vanquished.

Notes
Turn   | Place    | Note
-------+----------+-------------------------------------------
     0 | D:1      | ICC the Vine Stalker Fighter began the quest for the Orb.
     0 | D:1      | Reached XP level 1. HP: 11/11 MP: 2/2
    25 | D:1      | Reached skill level 1 in Spellcasting
    25 | D:1      | Reached XP level 2. HP: 4/16 MP: 1/5
    69 | D:1      | Reached skill level 2 in Spellcasting
   466 | D:1      | Reached XP level 3. HP: 10/19 MP: 7/7
   621 | D:2      | Reached skill level 3 in Spellcasting
   622 | D:2      | Succumbed to an adder's poison

Levels and vault maps discovered:
D:1:      lightli_arrival_statuegarden, layout_rooms
D:2:      layout_rooms, chequers_ecumenical_altar_simple, first_ration,
          cheibriados_altar_1

Skill      XL: |  1  2  3 |
---------------+----------+-----
Spellcasting   | 1 2 3 |  3.0
Fighting       | |  2.6
Long Blades    | |  1.7
Armour         | |  2.4
Shields        | |  2.6

Action                   || total
-------------------------++-------
Melee: Long sword        ||    11
       Bite              ||    32
       Dagger            ||    98
  Use: Scroll            ||     7
       Potion            ||     2
Armor: Scale mail        ||    61
Dodge: Dodged            ||    68
       Rpst.: Long sword ||     1

Table legend:
 A = Non-vault XP
 B = Vault XP
 C = Vault XP percentage of total XP
 D = Non-vault monster count
 E = Vault monster count
 F = Vault count percentage of total count
                 A         B        C        D         E       F
            +---------+---------+-------+---------+---------+-------
      Total |      55 |       0 |   0.0 |      17 |       0 |   0.0
            +---------+---------+-------+---------+---------+-------
        D:1 |      38 |       0 |   0.0 |      14 |       0 |   0.0
        D:2 |      17 |       0 |   0.0 |       3 |       0 |   0.0
            +---------+---------+-------+---------+---------+-------
